 Dungeon Crawl Stone Soup version 0.28.0-53-g5a82cb258f (webtiles) character file.

Game seed: 12889410321319090718

145 Plasmagod the Conjurer (level 5, -4/28 HPs)
             Began as a Deep Elf Conjurer on July 13, 2022.
             Slain by an orc warrior
             ... wielding a +0 scimitar
              (13 damage)
             ... on level 3 of the Dungeon.
             The game lasted 00:13:55 (2829 turns).

Plasmagod the Conjurer (Deep Elf Conjurer)          Turns: 2829, Time: 00:13:56

Health: -4/28      AC:  2    Str:  4    XL:     5   Next: 6%
Magic:  0/13       EV: 12    Int: 25    God:
Gold:   174        SH:  0    Dex: 13    Spells: 2/12 levels left

rFire   . . .      SeeInvis .   k - +2 dagger (freeze)
rCold   . . .      Faith    .   (no shield)
rNeg    + . .      Spirit   .   a - +0 robe
rPois   .          Reflect  .   (no helmet)
rElec   .          Harm     .   (no cloak)
rCorr   .          Rampage  .   (no gloves)
Will    .....                   (no boots)
Stlth   ++........              (no amulet)
HPRegen 0.09/turn               h - ring of positive energy
MPRegen 0.13/turn               (no ring)

@: no status effects
A: no striking features
a: no special abilities


You were on level 3 of the Dungeon.
You visited 1 branch of the dungeon, and saw 3 of its levels.

You collected 174 gold pieces.

Inventory:

Hand Weapons
 d - a +0 dagger of venom
 k - a +2 dagger of freezing (weapon)
Armour
 a - a +0 robe (worn)
Jewellery
 h - a ring of positive energy (left hand)
Scrolls
 b - 3 scrolls of teleportation {unknown}
 c - 3 scrolls of identify {unknown}
 f - 2 scrolls of fog {unknown}
 i - a scroll of fear {unknown}
 j - a scroll of holy word {unknown}
 l - a scroll of silence {unknown}
Potions
 e - 2 potions of ambrosia {unknown}
 g - a potion of cancellation {unknown}


   Skills:
 + Level 0.2 Fighting
 + Level 2.8 Dodging
 + Level 3.0 Stealth
 + Level 4.4 Spellcasting
 + Level 5.8 Conjurations
 * Level 1.3 Hexes


You had 2 spell levels left.
You knew the following spells:

 Your Spells              Type           Power      Damage    Failure   Level
a - Magic Dart            Conj           100%       1d8       1%          1
b - Searing Ray           Conj           68%        2d6       1%          2
c - Dazzling Flash        Conj/Hex       46%        N/A       6%          3
d - Fulminant Prism       Conj/Hex       11%        3d9       21%         4

Your spell library contained the following spells:

 Spells                   Type           Power      Damage    Failure   Level
 Iskenderun's Mystic Bla  Conj/Tloc      20%        2d6       26%         4


Dungeon Overview and Level Annotations

Branches:
Dungeon (3/15)

Altars:
Kikubaaqudgha


Message History

The orc warrior is severely wounded.
An adder comes into view.
The searing ray hits the adder.
The adder is moderately wounded.
The searing ray hits the orc warrior but does no damage.
The orc warrior is severely wounded.
The searing ray hits the adder.
The adder is almost dead.
The searing ray hits the orc warrior.
The orc warrior is severely wounded.
You finish channelling your searing ray.
The adder barely misses you.
A worm comes into view.
The adder misses you. The adder bites you.
Casting: Searing Ray (safe; 1% risk of failure)
Confirm with . or Enter, or press ? or * to list all spells.
Aiming: Searing Ray (safe; 1% risk of failure)
Press: ? - help, Shift-Dir - straight line, f/p - orc warrior
Aim: an orc warrior, wielding a +0 scimitar and wearing a +0 chain mail (severely wounded, 78% to hit)
The searing ray misses the adder.
The searing ray hits the orc warrior.
The orc warrior is almost dead. (Press . to maintain the ray.)
You hear the drain falling apart.
The adder misses you.
The searing ray hits the adder.
You kill the adder!
The searing ray hits the orc warrior but does no damage.
The orc warrior is almost dead.
Your Stealth skill increases to level 3!
You have reached level 5!
Okay, then.
You closely miss the orc warrior.
The orc warrior is almost dead.
The orc warrior hits you with a +0 scimitar!
Ouch! That really hurt!
You barely miss the orc warrior.
The orc warrior is almost dead.
The orc warrior hits you with a +0 scimitar!
You die...

....##.#.# ... #..#
#..##.#.# .. #..# #..##.#.#
..^..# #.....#.# .#..
###.###.#.##### ...
..............# # #.#
#.#.....#.###.#
....###o###.#####.#.###.###
#..w....o@................
.w..###.###.#.#####.###.###
# ##.###.#.### #.# #.#
............# ### #.#
##..###.#.#.#######.##
.....................#
....###.#.#########.>#
....# #.#.# #..# #.. #.#.#
###..#


You could see an orc warrior, a worm (wandering) and an orc.

Vanquished Creatures
  Crazy Yiuf (D:2)
  A gnoll (D:1)
  A howler monkey skeleton (D:2)
  2 adders (D:3)
  3 worms (D:2)
  A dart slug (D:1)
  3 orcs (D:3)
  4 ball pythons
  5 bats
  7 endoplasms
  A giant cockroach (D:2)
  7 goblins
  5 hobgoblins
  2 jackals (D:3)
  A quokka (D:2)
  3 frilled lizards (D:1)
  7 kobolds
  12 rats
66 creatures vanquished.

Vanquished Creatures (others)
  A fulminant prism (D:3)
1 creature vanquished.

Grand Total: 67 creatures vanquished

Notes
Turn   | Place    | Note
-------+----------+-------------------------------------------
     0 | D:1      | Plasmagod the Deep Elf Conjurer began the quest for the
                  | Orb.
     0 | D:1      | Reached XP level 1. HP: 10/10 MP: 6/6
   126 | D:1      | Reached XP level 2. HP: 15/15 MP: 2/8
   128 | D:1      | Reached skill level 5 in Conjurations
   304 | D:1      | Found a faded altar of an unknown god.
   448 | D:1      | You fall into a shaft and drop 1 floor!
   477 | D:2      | Reached XP level 3. HP: 19/19 MP: 6/10
   527 | D:2      | Learned a level 2 spell: Searing Ray
   531 | D:2      | Learned a level 3 spell: Dazzling Flash
  1166 | D:1      | Reached XP level 4. HP: 23/24 MP: 2/11
  1717 | D:2      | Found a runed translucent door.
  1718 | D:2      | Noticed Crazy Yiuf
  1981 | D:2      | Killed Crazy Yiuf
  2268 | D:3      | Noticed an orc warrior
  2270 | D:3      | Reached skill level 1 in Hexes
  2767 | D:3      | Found an ancient bone altar of Kikubaaqudgha.
  2811 | D:3      | Learned a level 4 spell: Fulminant Prism
  2828 | D:3      | Reached XP level 5. HP: 24/28 MP: 0/13
  2829 | D:3      | Slain by an orc warrior

Illustrated notes

Levels and vault maps discovered:
D:1:      dpeg_arrival_ratfight, layout_basic, chequers_ecumenical_altar_simple
D:2:      layout_rooms, uniq_crazy_yiuf_cottage
D:3:      layout_basic, nicolae_ru_the_path_less_chosen,
          mainiacjoe_overflow_catwalk_spiral, portal_sewer_entry_b

Skill      XL: |  1  2  3  4 |
---------------+-------------+-----
Conjurations   | 5 |  5.8
Spellcasting   | 4 |  4.4
Hexes          | 1 |  1.3
Stealth        | 3 |  3.0
Fighting       | |  0.2
Dodging        | |  2.8

Action                   |  1- 3 |  4- 6 || total
-------------------------+-------+-------++-------
Melee: Dagger            |       |     5 ||     5
 Cast: Magic Dart        |    66 |    46 ||   112
       Searing Ray       |     2 |     4 ||     6
       Fulminant Prism   |       |     1 ||     1
Armor: Robe              |     1 |       ||     1
Dodge: Dodged            |     2 |     6 ||     8
